[Event "Early-Titled-Tuesday-Blitz-February-27-2024"]
[Site "Chess.com"]
[Date "2024.02.27"]
[Round "8"]
[White "Zhigalko_Sergei"]
[Black "MyDream003"]
[Result "0-1"]
[WhiteElo "2896"]
[BlackElo "2731"]
[TimeControl "180+1"]
[EndTime "9:27:54 PST"]
[Termination "MyDream003 won on time"]

1. e4 e5 2. Nf3 Nc6 3. Bc4 Bc5 4.
b4 Bxb4 5. c3 Be7 6. d4 Na5 7.
Bd3 d6 8. dxe5 dxe5 9. Nxe5 Nf6 10. O-O O-O 11. Qc2 Nd7 12. Nxd7 Qxd7 13. e5 g6 14. Nd2 b6 15. Be4 Bb7 16. Re1 Rad8 17. Nf3 Bxe4 18. Qxe4 Qd3 19. Qf4 f6 20. e6 Qc4 21. h4 Rd5 22. Qg3 Bd6 23. Qh3 Re8 24. Bd2 Rf5 25. Nd4 Re5 26. Be3 c5 27. Nf3 R5xe6 28. h5 g5 29. Nd2 Qd3 30. Rad1 Qc2 31. Qg4 h6 32. Nf3 f5 33. Qh3 Kg7 0-1

[Event "Early-Titled-Tuesday-Blitz-February-27-2024"]
[Site "Chess.com"]
[Date "2024.02.27"]
[Round "8"]
[White "Knightmare1014"]
[Black "Klavdia_Nik"]
[Result "1-0"]
[WhiteElo "2305"]
[BlackElo "2132"]
[TimeControl "180+1"]
[EndTime "9:27:54 PST"]
[Termination "Knightmare1014 won on time"]

1. e4 d6 2. d4 g6 3. Nf3 Bg7 4. Bc4 c6 5. O-O b5 6. Bb3 a5 7. a4 Qc7 8. Re1 b4 9. c3 bxc3 10. bxc3 Nf6 11. e5 Nd5 12. exd6 Qxd6 13. Qd3 Bf5 14. Qd1 e6 15. Ba3 Qf4 16. Bxd5 cxd5 17. Nbd2 Nd7 18. Qe2 Bf8 19. Bxf8 Kxf8 20. Qb5 Qc7 21.
c4 Rb8 22. Qa6 dxc4 23. Qxc4 Qa7 24. d5 exd5 25. Qxd5 Qc5 26. Qxc5+ Nxc5 27. Re5 Nb3 28. Nxb3 Rxb3 29. Rxa5 Kg7 30. h3 Rhb8 31. Nd4 Rb1+ 32.
Rxb1 Rxb1+ 33. Kh2 Be4 34. Ra7 Kf6 35. f3 Bd5 36. Nb5 Rb2 37. Kg3 h5 38. h4 Ke5 39. Nc7 Bc4 40. Ra5+ Kd4 41. Ne8 Bf1 42. Nf6 Rxg2+ 43. Kf4 Ra2 44. Ra8 Kc5 45. a5 Ra4+ 46. Ne4+ Kb5 47. Kg5 Rxa5 48. Nd6+ Kb6+ 49. Rxa5 Kxa5 50.
Nxf7 Be2 51. f4 Bd3 52. Ne5 1-0

[Event "Early-Titled-Tuesday-Blitz-February-27-2024"]
[Site "Chess.com"]
[Date "2024.02.27"]
[Round "8"]
[White "vladgoncharov"]
[Black "WindWhistler11"]
[Result "1-0"]
[WhiteElo "2640"]
[BlackElo "2494"]
[TimeControl "180+1"]
[EndTime "9:27:55 PST"]
[Termination "vladgoncharov won by resignation"]

1. d4 Nf6 2. c4 e6 3. Nc3 c5 4. d5 exd5 5. cxd5 Bd6 6. e4 O-O 7.
Bd3 Re8 8. Nge2 Bc7 9. h3 d6 10.
O-O a6 11. a4 Nbd7 12. Bg5 Rb8 13. Bh4 Nf8 14. Bg3 b5 15. axb5 axb5 16. Bxb5 Bd7 17. Bxd7 Qxd7 18. Qc2 Rb4 19. f3 Reb8 20. Ra2 Bd8 21. Nc1 Nh5 22. Be1 Nf4 23. N3e2 Nxe2+ 24. Qxe2 R4b5 25. Bc3 Ng6 26. f4 Bf6 27. e5 dxe5 28.
fxe5 Bg5 29. e6 Qxd5 30. exf7+ Kf8 31. Nd3 Qxa2 32. Qg4 Qd5 33. Nf2 Be3 34. Kh1 Bxf2 35. Rxf2 R5b7 36. Qg3 Ra8 37. Rd2 Qxf7 38. Rf2 Kg8 39.
Rxf7 Rxf7 40. Kh2 Rc8 41. Qd6 Nf4 42. h4 Ne2 43. Be5 c4 44. h5 h6 45. Qe6 Rd8 46.
Bxg7 Kxg7 47. Qxe2 Rd4 48. Qe5+ Kh7 49. Qxd4 1-0

[Event "Early-Titled-Tuesday-Blitz-February-27-2024"]
[Site "Chess.com"]
[Date "2024.02.27"]
[Round "8"]
[White "Dewarfd"]
[Black "hmatyi07"]
[Result "0-1"]
[WhiteElo "2152"]
[BlackElo "2299"]
[TimeControl "180+1"]
[EndTime "9:27:56 PST"]
[Termination "hmatyi07 won on time"]

1. d4 Nf6 2. e3 g6 3. Nf3 Bg7 4. Be2 O-O 5. b4 d6 6. Bb2 Re8 7. c4 Nbd7 8. O-O Ne4 9. Nc3 Nxc3 10. Bxc3 c5 11. a3 b6 12. Qd2 cxd4 13. Bxd4 Nf6 14. Rfd1 Bb7 15. Rac1 Rc8 16. c5 dxc5 17. bxc5 Ne4 18.
Qb2 Bxd4 19. Rxd4 Qc7 20. c6 Nd6 21. Rdd1 Bxc6 22. Ne5 Qb7 23. Nxc6 Rxc6 24. Bf3 Rxc1 25. Rxc1 Qb8 26. h4 Rc8 27. h5 Rxc1+ 28. Qxc1 Qc8 29. Qb2 Qf5 30. Qd4 Qc5 31. Qd2 e5 32. h6 Kf8 33.
a4 Ke7 34. Be2 f5 35. Qa2 Qc8 0-1

[Event "Early-Titled-Tuesday-Blitz-February-27-2024"]
[Site "Chess.com"]
[Date "2024.02.27"]
[Round "8"]
[White "MusicCityMaster"]
[Black "MightyGMpretender"]
[Result "0-1"]
[WhiteElo "2559"]
[BlackElo "2773"]
[TimeControl "180+1"]
[EndTime "9:27:58 PST"]
[Termination "MightyGMpretender won by resignation"]

1. d4 d5 2. c4 e6 3. Nc3 Nf6 4. cxd5 exd5 5. Bg5 c6 6. Qc2 Be6 7. e3 Nbd7 8. Bd3 h6 9. Bh4 g5 10. Bg3 Nh5 11. Nge2 Nxg3 12. hxg3 h5 13. O-O-O Qe7 14. Kb1 Nb6 15. Rhe1 O-O-O 16. f3 Kb8 17. e4 dxe4 18. fxe4 Bg7 19. e5 Nc4 20. Bxc4 Bxc4 21. Ne4 Be6 22. N2c3 h4 23. Ka1 hxg3 24. Nxg3 Rh4 25.
Nce4 Qb4 26. Nd6 Rxd4 27. Rxd4 Qxd4 28. Ngf5 Qd5 29. Qb3 Qxb3 30. axb3 Bf8 31. Ka2 a5 32. Nd4 Bxd6 33. Nxe6 fxe6 34. exd6 Rxd6 35. Re5 Rd5 36. Rxe6 Rd2 37. Re5 Rxg2 38. Rxa5 b5 39. b4 Rg4 40.
Kb3 Rg1 41. Kc2 Rg4 42. Kc3 Rg3+ 43. Kc2 Rg2+ 44. Kc3 Rg1 45. Kc2 Rf1 46. Ra3 Rf4 47. Rg3 g4 48. Kc3 Kc7 49. Rg1 Kd6 50. b3 Ke5 51.
Re1+ Kf5 52. Re8 g3 53. Rf8+ Kg4 54. Rc8 g2 55. Rg8+ Kf3 0-1

[Event "Early-Titled-Tuesday-Blitz-February-27-2024"]
[Site "Chess.com"]
[Date "2024.02.27"]
[Round "8"]
[White "Der_Balak_3Halak"]
[Black "bazar-wokzal"]
[Result "1-0"]
[WhiteElo "2461"]
[BlackElo "2638"]
[TimeControl "180+1"]
[EndTime "9:27:58 PST"]
[Termination "Der_Balak_3Halak won by resignation"]

1. e4 Nc6 2. Nf3 d5 3. e5 Bg4 4.
Bb5 e6 5. d4 a6 6. Bxc6+ bxc6 7. Bg5 Qb8 8. b3 c5 9. c3 cxd4 10. cxd4 c5 11. O-O cxd4 12. Qc2 Qc8 13. Nxd4 Qxc2 14. Nxc2 Bc5 15. b4 Bb6 16. Be3 Rb8 17. Nc3 Ne7 18. a3 Bf5 19. Bxb6 Bxc2 20. Bc5 Nc6 21.
Rac1 Bb3 22. Ne2 Bc4 23. Rfe1 Bxe2 24. Rxe2 Kd7 25. Bd6 Rb6 26. Rec2 Rc8 27. a4 f6 28.
f4 g5 29. g3 h5 30. Kf2 Rb7 31. h4 gxf4 32. gxf4 Na7 33. Ke3 Rxc2 34. Rxc2 Nc6 35. Rb2 fxe5 36. fxe5 Ne7 37. Bxe7 Kxe7 38. Kd4 Rc7 39.
b5 Rc4+ 40. Kd3 axb5 41. axb5 Kd7 42. Rc2 Rb4 43. Rc5 Rxh4 44. b6 Rb4 45. Rc7+ Kd8 46.
Rc6 Kd7 47. Rc7+ Kd8 48. Rc6 Ke7 49. Rc7+ Kf8 50. b7 1-0

[Event "Early-Titled-Tuesday-Blitz-February-27-2024"]
[Site "Chess.com"]
[Date "2024.02.27"]
[Round "8"]
[White "Roman_Ovetchkin"]
[Black "janhelmer03"]
[Result "1-0"]
[WhiteElo "2600"]
[BlackElo "2366"]
[TimeControl "180+1"]
[EndTime "9:28:00 PST"]
[Termination "Roman_Ovetchkin won on time"]

1. d4 d5 2. c4 c6 3. Nf3 Nf6 4. Qc2 e6 5. Nbd2 Bd6 6. g3 O-O 7. Bg2 Nbd7 8. O-O b6 9. b3 Bb7 10. Bb2 Rc8 11. e4 dxe4 12. Nxe4 Nxe4 13. Qxe4 Nf6 14.
Qh4 c5 15. dxc5 Bxc5 16. Ng5 h6 17. Bxb7 hxg5 18. Qxg5 Rc7 19. Rad1 Qe7 20. Bf3 Rd8 21. Rxd8+ Qxd8 22. Rd1 Qe7 23. h4 Kf8 24. Kg2 Rd7 25. h5 Rxd1 26. Bxd1 Qd6 27. h6 gxh6 28. Qxh6+ Ke8 29.
Bf3 Nd7 30. Qh8+ Nf8 31. Qe5 Qd2 32. Qe2 Qxe2 33. Bxe2 Ke7 34. a3 Bd6 35. b4 Nd7 36. f4 f6 37. Kf3 f5 38. Ke3 e5 39. Bf3 e4 40. Be2 a5 41. Bc3 axb4 42. axb4 Ke6 43. Bd1 Be7 44. Ba4 Bf6 45. Bxd7+ Kxd7 46. Bxf6 1-0

[Event "Early-Titled-Tuesday-Blitz-February-27-2024"]
[Site "Chess.com"]
[Date "2024.02.27"]
[Round "8"]
[White "vishwa_vijeta"]
[Black "emeli_chess"]
[Result "1-0"]
[WhiteElo "2590"]
[BlackElo "2436"]
[TimeControl "180+1"]
[EndTime "9:28:01 PST"]
[Termination "vishwa_vijeta won by checkmate"]

1. e4 e5 2. Nf3 Nc6 3. d4 exd4 4. Bc4 Nf6 5. Ng5 d5 6. exd5 Qe7+ 7. Qe2 Qxe2+ 8.
Kxe2 Ne5 9. Bb3 h6 10. Nf3 Nxf3 11. Kxf3 Bg4+ 12. Kg3 O-O-O 13. h3 Bf5 14. Rd1 Nxd5 15. Rxd4 Bd6+ 16. Kf3 Nb4 17. Na3 Nc6 18. Rd1 Rhe8 19. Bf4 Ne5+ 20. Bxe5 Bxe5 21. Nc4 Bf6 22. Rxd8+ Rxd8 23. Ne3 Bg6 24. Rd1 Rxd1 25. Nxd1 Bd4 26. c3 Bb6 27. Ne3 c6 28. Nc4 Bc7 29. g4 f6 30.
Ne3 Kd7 31. Bc2 Bxc2 32. Nxc2 Be5 33. Ke4 Ke6 34. f4 Bc7 35. Nd4+ Kf7 36. Nf5 g6 37. Nxh6+ Kg7 38. g5 f5+ 39. Nxf5+ gxf5+ 40. Kxf5 Bb6 41. h4 Be3 42. b3 Bd2 43. c4 Bc3 44. h5 b5 45. h6+ Kh7 46. Kg4 Bd2 47. f5 bxc4 48.
bxc4 Bc3 49. Kh5 Bd4 50. f6 Be5 51. f7 Bd6 52. g6+ Kh8 53. g7+ Kh7 54. g8=Q# 1-0

[Event "Early-Titled-Tuesday-Blitz-February-27-2024"]
[Site "Chess.com"]
[Date "2024.02.27"]
[Round "8"]
[White "Kotofeyca"]
[Black "ACollins05"]
[Result "0-1"]
[WhiteElo "2428"]
[BlackElo "2585"]
[TimeControl "180+1"]
[EndTime "9:28:01 PST"]
[Termination "ACollins05 won on time"]

1. d4 b5 2. e4 a6 3. a4 b4 4. Nd2 Bb7 5. Bd3 e6 6. Nb3 Nf6 7.
f3 d6 8. Be3 Nbd7 9. Qd2 Be7 10. Qxb4 Rb8 11. Qd2 O-O 12. Qf2 Qc8 13. Ne2 c5 14. dxc5 dxc5 15. Na5 Ne5 16. Nxb7 Qxb7 17. b3 Nxd3+ 18. cxd3 Qxb3 19. O-O Qxd3 20. Rfd1 Qb3 21. Bxc5 Bxc5 22. Qxc5 Rfc8 23. Qf2 h6 24. Nd4 Qb2 25. Qxb2 Rxb2 26. Rab1 Rxb1 27. Rxb1 Rc4 28. Rb8+ Kh7 29. Nb3 Rxa4 30. Rb7 Kg6 31. Nc5 Ra2 32. Nd3 Nh5 33. g4 Nf6 34. Nf4+ Kg5 35. Nd3 Rd2 36. Ne5 Kf4 37.
Nxf7 Kxf3 38. Rb3+ Kxg4 39. Ra3 Nxe4 40. Rxa6 Kf5 41.
Ra5+ Kf6 42. Ra7 Nd6 43. Nxd6 Rxd6 44. Kg2 Rd3 45. h3 g5 46. Rh7 Kg6 47. Re7 Re3 48. Re8 e5 49. Ra8 h5 50. Rg8+ Kf5 51. Rf8+ Ke4 52.
Rg8 Kf5 53. Rf8+ Kg6 54. Rg8+ Kf6 55. Rh8 h4 56. Rf8+ Kg7 57. Rf1 Rg3+ 58. Kh2 Kg6 59. Rf8 e4 60. Rf1 e3 61. Rf8 Kg7 62. Rf5 Kg6 63.
Rf8 g4 64. hxg4 Kg5 0-1

[Event "Early-Titled-Tuesday-Blitz-February-27-2024"]
[Site "Chess.com"]
[Date "2024.02.27"]
[Round "8"]
[White "deribas12345"]
[Black "Hovik_Hayrapetyan"]
[Result "0-1"]
[WhiteElo "2577"]
[BlackElo "2868"]
[TimeControl "180+1"]
[EndTime "9:28:02 PST"]
[Termination "Hovik_Hayrapetyan won by resignation"]

1. d4 Nf6 2. c4 e6 3. Nc3 Bb4 4. a3 Bxc3+ 5. bxc3 b6 6. f3 Nc6 7. e4 Ba6 8. Bg5 h6 9. Bh4 Na5 10. Nh3 d6 11. Nf2 g5 12. Bg3 Qd7 13. Nd3 Nxc4 14.
Bf2 c5 15. Be2 Rc8 16. O-O e5 17. Ra2 Nh5 18. dxe5 dxe5 19. Nxe5 Nxe5 20. Bxa6 Qxd1 21. Rxd1 Ke7 22. Bxc8 Rxc8 23. Bg3 Nf4 24. Bxf4 gxf4 25.
Rad2 f6 26. Kf2 c4 27. g3 Nd3+ 28. Rxd3 cxd3 29. Rxd3 fxg3+ 30. hxg3 Rc5 31. Ke3 Rc4 32. Kf4 Ra4 33. Kf5 Rxa3 34. f4 b5 35. e5 fxe5 36. fxe5 b4 37. e6 Ra5+ 38. Ke4 b3 39. Rd7+ Kxe6 40. Rb7 Ra3 41. Kd3 a5 42. Rb6+ Kd7 43.
Rxh6 Ra1 44. Rb6 a4 45. Kc4 Rg1 46. Rb4 Kc6 47. Kd3 a3 48. Kd2 b2 0-1

[Event "Early-Titled-Tuesday-Blitz-February-27-2024"]
[Site "Chess.com"]
[Date "2024.02.27"]
[Round "8"]
[White "Adar_07"]
[Black "chucksterf10"]
[Result "0-1"]
[WhiteElo "2767"]
[BlackElo "2574"]
[TimeControl "180+1"]
[EndTime "9:28:06 PST"]
[Termination "chucksterf10 won on time"]

1. d4 a6 2. a4 d5 3. Nf3 Nf6 4.
Bf4 e6 5. e3 c5 6. c3 Nc6 7. Nbd2 Nh5 8. Be5 f6 9. Nh4 g6 10. Bg3 Qb6 11. Ra2 Nxg3 12. hxg3 Bg7 13. Bd3 e5 14. Nxg6 hxg6 15. Bxg6+ Ke7 16. Rxh8 Bxh8 17.
Qh5 Bg7 18. Qh7 Kf8 19. Bh5 cxd4 20. exd4 exd4 21. Nf3 Be6 22. Nh4 Bf7 23. Nf5 Bxh5 24. Qxg7+ Ke8 25. Qg8+ Kd7 26. Qxd5+ Kc8 27. Nd6+ Kc7 28.
a5 Qa7 29. b4 Rd8 30. b5 axb5 31. Nxb5+ Kb8 32. Qxh5 Qa6 33. c4 Ne5 34. Kf1 d3 35.
Rd2 Nxc4 36. Rd1 d2 37. Qc5 Rc8 38. Qd5 Na3 39. Qd6+ Qxd6 40. Nxd6 Rc1 41. Ke2 Nb1 42. Ne4 f5 43. Rxd2 Nxd2 44. Nxd2 Ra1 45. Nc4 Kc7 46. Ke3 Kc6 47. Kd4 Ra2 48. Ke3 Kc5 0-1

[Event "Early-Titled-Tuesday-Blitz-February-27-2024"]
[Site "Chess.com"]
[Date "2024.02.27"]
[Round "8"]
[White "GMKrikor"]
[Black "viktorskliarov"]
[Result "1-0"]
[WhiteElo "2907"]
[BlackElo "2579"]
[TimeControl "180+1"]
[EndTime "9:28:07 PST"]
[Termination "GMKrikor won by resignation"]

1. Nf3 g6 2. e4 c5 3. d4 cxd4 4. Nxd4 Bg7 5. c4 Nc6 6. Be3 Nf6 7. Nc3 Ng4 8. Qxg4 Nxd4 9. Qd1 Ne6 10. Qd2 d6 11. Be2 O-O 12. O-O b6 13. Rac1 Bb7 14.
f3 Rc8 15. b3 f5 16. exf5 gxf5 17. f4 Nc5 18. Bd4 e5 19. Be3 Ne4 20. Nxe4 Bxe4 21. Rcd1 d5 22. fxe5 Bxe5 23. Bd4 Qf6 24. Bxe5 Qxe5 25.
Qd4 Qxd4+ 26. Rxd4 dxc4 27. Bxc4+ Kg7 28. Rd7+ Kg6 29.
Rxa7 b5 30. Bxb5 Rc2 31. Rf2 Rc1+ 32. Bf1 Rd8 33. Ra6+ Kg7 34. Ra4 Rdd1 35. h3 Bd3 36.
Raf4 Ra1 37. g3 Bxf1 38. Rxf1 Rxf1+ 39. Rxf1 Rxa2 40. Rb1 Kf6 41. b4 Ra6 42. b5 Rb6 43.
Kf2 Ke5 44. Kf3 h6 45. h4 h5 46. Rb2 Kd5 47. Kf4 Kc5 48. Kxf5 1-0

[Event "Early-Titled-Tuesday-Blitz-February-27-2024"]
[Site "Chess.com"]
[Date "2024.02.27"]
[Round "8"]
[White "Kotlyar_K"]
[Black "Kirill_Klukin"]
[Result "1-0"]
[WhiteElo "2589"]
[BlackElo "2824"]
[TimeControl "180+1"]
[EndTime "9:28:08 PST"]
[Termination "Kotlyar_K won by resignation"]

1. d4 Nf6 2. c4 Nc6 3. Nf3 e6 4.
Nc3 Bb4 5. Qc2 d6 6. a3 Bxc3+ 7.
Qxc3 a5 8. Bg5 h6 9. Bf4 O-O 10. e3 Re8 11. Rd1 Qe7 12. d5 Nb8 13. dxe6 Bxe6 14. Be2 Nc6 15. O-O Bg4 16. h3 Bh5 17. b4 Ne4 18. Qb3 axb4 19. axb4 Qf6 20. Rd5 Nc3 21. Rd2 Nxe2+ 22. Rxe2 g5 23. Bg3 Bxf3 24. gxf3 Qxf3 25. Rd2 Ne5 26. c5 Qf5 27. Kg2 Re6 28. cxd6 cxd6 29. Qd5 Re7 30. f4 gxf4 31. exf4 Qg6 32.
fxe5 Rxe5 33. Qxd6 Rg5 34. Qxg6+ Rxg6 35. Rf3 Ra4 36. Rd4 h5 37. h4 Ra2+ 38. Kh3 Ra1 39. Rd8+ Kh7 40. Rxf7+ 1-0

[Event "Early-Titled-Tuesday-Blitz-February-27-2024"]
[Site "Chess.com"]
[Date "2024.02.27"]
[Round "8"]
[White "chesstrainer2042"]
[Black "IM_ArthurDW08"]
[Result "0-1"]
[WhiteElo "2564"]
[BlackElo "2824"]
[TimeControl "180+1"]
[EndTime "9:28:09 PST"]
[Termination "IM_ArthurDW08 won on time"]

1. d4 Nf6 2. Nf3 g6 3. c4 Bg7 4. Nc3 O-O 5. e4 d6 6. Be2 Nbd7 7. O-O e5 8. Be3 Qe7 9. Re1 c6 10. d5 c5 11. Nd2 Kh8 12. a3 a6 13. Kh1 Ng8 14. g4 Bh6 15. Bf1 Bxe3 16. Rxe3 Ndf6 17. Be2 h6 18. Nf1 Kg7 19. Ng3 Nh7 20. b4 b6 21. Rb1 Qh4 22. Na4 b5 23. Nb6 Rb8 24.
bxc5 dxc5 25. Nxc8 Rbxc8 26. cxb5 axb5 27. Rxb5 Ngf6 28. f3 Ng5 29. Bf1 h5 30. Qa1 hxg4 31. Qxe5 Nxf3 32. Rxf3 gxf3 33. Rb6 Rh8 34. h3 Rce8 35. Qc7 Qg4 36. Kh2 Qg5 37. Rb7 Ref8 38. Qxc5 Ng4+ 39. Kh1 Ne3 40. Qc3+ Kg8 41. Qe1 Nxf1 0-1

[Event "Early-Titled-Tuesday-Blitz-February-27-2024"]
[Site "Chess.com"]
[Date "2024.02.27"]
[Round "8"]
[White "annacramling"]
[Black "publicaccountcze"]
[Result "1-0"]
[WhiteElo "2118"]
[BlackElo "2223"]
[TimeControl "180+1"]
[EndTime "9:28:09 PST"]
[Termination "annacramling won by checkmate"]

1. e3 c5 2. d3 d5 3. Ne2 Nc6 4. Nd2 Nf6 5. Nb3 e6 6. Ng3 Be7 7.
d4 b6 8. dxc5 bxc5 9. c4 d4 10. exd4 Nxd4 11. Nxd4 Qxd4 12. Be3 Qxb2 13. Rb1 Qc3+ 14. Bd2 Qe5+ 15. Be2 O-O 16. f4 Qc7 17.
Bf3 Rb8 18. O-O Bb7 19. Bc3 Rfd8 20. Qc2 Bxf3 21. Rxf3 Rxb1+ 22. Qxb1 Qb6 23. Qa1 Rb8 24. Rf1 Ne8 25. f5 Bf6 26. fxe6 Qxe6 27. Re1 Bxc3 28. Qxc3 Qf6 29. Qb3 Qd4+ 30. Kh1 Qd8 31. Qa4 Nf6 32. Qxa7 Ra8 33. Qxc5 Rxa2 34. Nf5 Rd2 35. h3 Rd1 36. Rxd1 Qxd1+ 37. Kh2 h6 38. Ne7+ Kh7 39. Qf5+ Kh8 40. Qc8+ Kh7 41. Qf5+ Kh8 42. Qc8+ Kh7 43. Nf5 Qd3 44. c5 Qd4 45. Nxd4 Kg6 46. c6 Ne4 47. Qf5# 1-0

[Event "Early-Titled-Tuesday-Blitz-February-27-2024"]
[Site "Chess.com"]
[Date "2024.02.27"]
[Round "8"]
[White "Firouzja2003"]
[Black "TigrVShlyape"]
[Result "0-1"]
[WhiteElo "3062"]
[BlackElo "2886"]
[TimeControl "180+1"]
[EndTime "9:28:10 PST"]
[Termination "TigrVShlyape won on time"]

1. d4 f5 2. Bf4 Nf6 3. e3 g6 4. h4 h6 5. Nf3 d6 6. Bc4 Nc6 7. Nc3 Bg7 8. Qe2 e6 9. O-O-O Qe7 10. Bb3 Bd7 11. e4 fxe4 12. Nxe4 O-O-O 13. Nc3 Rde8 14. Rhe1 Na5 15. Ba4 Bxa4 16. Nxa4 Qd7 17. Nc3 Nc6 18. Kb1 a6 19. a3 Qf7 20. Bc1 Nd7 21. Ne4 d5 22.
Nc3 Nb6 23. Be3 Nc4 24. Nd2 Nxe3 25. fxe3 h5 26. Nf3 Rhf8 27. e4 e5 28. Ng5 Qg8 29. Nxd5 exd4 30. Qc4 Kb8 31. Rd3 Be5 32. Nf3 Qg7 33.
Red1 Bd6 34. Nxd4 Ne5 35. Qc3 Qd7 36. R3d2 Qg4 37. Nb3 Qxe4 38. Na5 Qa4 39. Rd4 Qb5 40. a4 Qc5 41. Qd2 Nc6 42. Nb3 Qa7 43. Rc4 Qf2 44.
Qc3 Qe2 45. Rd3 Rf1+ 46. Ka2 Qe1 47. Qxe1 Rexe1 48. Nd2 Rh1 49. Re4 Ne5 0-1

[Event "Early-Titled-Tuesday-Blitz-February-27-2024"]
[Site "Chess.com"]
[Date "2024.02.27"]
[Round "8"]
[White "Sanan_Sjugirov"]
[Black "RobertoJBM"]
[Result "1-0"]
[WhiteElo "2980"]
[BlackElo "2850"]
[TimeControl "180+1"]
[EndTime "9:28:10 PST"]
[Termination "Sanan_Sjugirov won by checkmate"]

1. e4 c6 2. d4 d5 3. e5 Bf5 4. Bd3 Bxd3 5. Qxd3 e6 6. Ne2 c5 7.
c3 Qb6 8. O-O Nc6 9. a3 c4 10.
Qd1 Nge7 11. Nd2 Na5 12. Ng3 g6 13. Nf3 Nb3 14. Rb1 h6 15. h4 Nf5 16. h5 O-O-O 17. Be3 Be7 18. hxg6 fxg6 19. Nxf5 gxf5 20. g3 Rdg8 21. Kg2 h5 22. Rh1 h4 23. Qe2 Qd8 24.
Rbg1 Qf8 25. Bf4 hxg3 26. fxg3 Qg7 27. Qe1 Qg4 28. Rxh8 Rxh8 29. Rh1 Rg8 30. Kf2 Kd7 31. Rh7 Rg7 32. Qh1 b5 33. Rh8 Rg8 34. Qh7 Rxh8 35.
Qxh8 a6 36. Qh7 Ke8 37. Qh8+ Kf7 38. Qc8 Qh3 39. Qd7 Kf8 40. Qxe6 Qh1 41. Qxf5+ Ke8 42. Qc8+ Kf7 43. e6+ Kg7 44. Be5+ Kg6 45. Qg8+ Kf5 46.
Qf7+ Ke4 47. Qg6# 1-0

[Event "Early-Titled-Tuesday-Blitz-February-27-2024"]
[Site "Chess.com"]
[Date "2024.02.27"]
[Round "8"]
[White "blitzking1729"]
[Black "FairChess_on_YouTube"]
[Result "1-0"]
[WhiteElo "2755"]
[BlackElo "3102"]
[TimeControl "180+1"]
[EndTime "9:28:11 PST"]
[Termination "blitzking1729 won by checkmate"]

1. c4 e6 2. Nf3 d5 3. e3 Nf6 4. Nc3 Be7 5. b3 O-O 6. Bb2 c5 7. cxd5 exd5 8. d4 Nc6 9. Be2 Bg4 10. dxc5 Bxc5 11. O-O Re8 12. h3 Bf5 13. Rc1 Bb6 14.
Na4 Qd7 15. Nxb6 axb6 16. a4 Ne4 17. Nd4 Bxh3 18. gxh3 Qxh3 19. Bg4 Qh4 20. Nf5 Qg5 21. f4 Qg6 22. Nxg7 d4 23. Nxe8 Rxe8 24. Rc2 Ng3 25. Rg2 Rxe3 26. Rf3 Qe4 27. Rxe3 Qxe3+ 28. Kh2 Ne4 29.
Qf3 Kf8 30. Qxe3 dxe3 31. Re2 Nf2 32. Bf3 Nd3 33. Bxc6 bxc6 34. Ba3+ c5 35. Rxe3 Nxf4 36. b4 cxb4 37. Bxb4+ Kg7 38. Bc3+ Kg6 39. Bd4 Kf5 40.
Bxb6 Nd5 41. Rb3 Nf6 42. a5 Ng4+ 43. Kg3 Nf6 44. a6 Ne4+ 45. Kh2 Nd2 46. Rb5+ Kg4 47.
a7 Nf1+ 48. Kg1 Ng3 49. a8=Q Ne2+ 50. Kf2 Nf4 51. Qf3+ Kh4 52. Qxf4+ Kh3 53. Rh5# 1-0

[Event "Early-Titled-Tuesday-Blitz-February-27-2024"]
[Site "Chess.com"]
[Date "2024.02.27"]
[Round "8"]
[White "abelmat"]
[Black "kaponerde"]
[Result "1-0"]
[WhiteElo "2075"]
[BlackElo "2204"]
[TimeControl "180+1"]
[EndTime "9:28:11 PST"]
[Termination "abelmat won on time"]

1. d4 d5 2. c4 c6 3. Nf3 Nf6 4. Nc3 dxc4 5. e3 b5 6. a4 b4 7. Na2 e6 8. Bxc4 c5 9. O-O Nbd7 10. Bd2 a5 11. Nc1 Ba6 12. Bxa6 Rxa6 13. Qe2 Qa8 14.
Nd3 Bd6 15. Nde5 O-O 16. Rac1 Rc8 17. h3 Bxe5 18. dxe5 Ne4 19. Rfd1 Rac6 20. Qc4 R6c7 21. Be1 Nb6 22. Qb5 c4 23. Qxb6 h6 24. Rd4 Nc5 25.
Rdxc4 Rc6 26. Qb5 Rb8 27. Qxc6 Qxc6 28. Rxc5 Qxa4 29. Nd4 Qa2 30. b3 a4 31. R5c2 Qa3 32. bxa4 Qxa4 33. Rc7 b3 34. Bc3 b2 35. Bxb2 Rxb2 36.
Re7 Kh7 37. Rxf7 Qa2 38. Rcc7 Rb1+ 39. Kh2 1-0

[Event "Early-Titled-Tuesday-Blitz-February-27-2024"]
[Site "Chess.com"]
[Date "2024.02.27"]
[Round "8"]
[White "starworld123"]
[Black "KuzubovYuriy"]
[Result "1-0"]
[WhiteElo "2861"]
[BlackElo "2950"]
[TimeControl "180+1"]
[EndTime "9:28:12 PST"]
[Termination "starworld123 won on time"]

1. a3 d5 2. d4 Nf6 3. Nf3 Bf5 4. Bf4 e6 5. e3 Bd6 6. Bxd6 Qxd6 7. c4 O-O 8. Nc3 Nbd7 9. Rc1 c6 10. Be2 Rad8 11. O-O h6 12. b4 Qe7 13. Qb3 Ne4 14. Nxe4 dxe4 15. Nd2 e5 16. Rfd1 Nf6 17. Nf1 h5 18. Qc3 exd4 19. exd4 Bg4 20. Bxg4 Nxg4 21. h3 Nh6 22. d5 f5 23. Qd4 f4 24. d6 Qe6 25. c5 Kh8 26. Re1 e3 27. Nh2 Qg6 28. Nf3 Nf5 29. Qxf4 exf2+ 30. Kxf2 Nxd6 31. Qe5 Nf5 32. Kg1 Rd3 33. Qe4 Rxa3 34. Ne5 Qg5 35. Rf1 g6 36. h4 Qf6 37. Rf4 Re8 38. Nxg6+ Qxg6 39.
Qxf5 Qxf5 40. Rxf5 Re4 41. Rxh5+ Kg7 42. Rd1 Rg3 43.
Rd7+ Kf6 44. Rh6+ 1-0

[Event "Early-Titled-Tuesday-Blitz-February-27-2024"]
[Site "Chess.com"]
[Date "2024.02.27"]
[Round "8"]
[White "azikom"]
[Black "oneshot007"]
[Result "1/2-1/2"]
[WhiteElo "2623"]
[BlackElo "2471"]
[TimeControl "180+1"]
[EndTime "9:28:12 PST"]
[Termination "Game drawn by repetition"]

1. c4 Nf6 2. Nc3 g6 3. d4 Bg7 4. e4 d6 5. Bg5 O-O 6. Qd2 a6 7. f3 Nc6 8. Nge2 Rb8 9. Nc1 e5 10.
d5 Nd4 11. Nb3 c5 12. dxc6 bxc6 13. Nxd4 exd4 14. Nd1 Re8 15. Bd3 d5 16. cxd5 cxd5 17. O-O dxe4 18. fxe4 Qb6 19. Qf4 Re6 20. e5 Nd7 21.
Qxf7+ Kh8 22. Bf6 Nxf6 23. exf6 Rxf6 24. Qe8+ Bf8 25. Rxf6 Qxf6 26. Rc1 Qe7 27. Qxe7 Bxe7 28. b3 Bg4 29. Nf2 Rc8 30. Rxc8+ Bxc8 31. Bc4 a5 32.
Kf1 Kg7 33. Ke2 Bb7 34. Kf1 Kf6 35. Bd3 Ke5 36. g3 Bf3 37. Ke1 Bb4+ 38. Kf1 Bc3 39.
Be2 Bd5 40. Bd3 Kd6 41. Ne4+ Ke5 42. Nf2 Bf3 43. Be2 Bc6 44. Bd3 Bf3 1/2-1/2

[Event "Early-Titled-Tuesday-Blitz-February-27-2024"]
[Site "Chess.com"]
[Date "2024.02.27"]
[Round "8"]
[White "orkinyo12345"]
[Black "djano"]
[Result "1-0"]
[WhiteElo "2489"]
[BlackElo "2599"]
[TimeControl "180+1"]
[EndTime "9:28:13 PST"]
[Termination "orkinyo12345 won by resignation"]

1. d4 Nf6 2. Nf3 g6 3. c4 Bg7 4. g3 O-O 5. Bg2 d6 6. Nc3 Nc6 7. d5 Na5 8. b3 c5 9. Bb2 e6 10.
dxe6 Bxe6 11. O-O Re8 12. Qd2 d5 13. cxd5 Nxd5 14. Nxd5 Qxd5 15. Bxg7 Qxd2 16. Nxd2 Kxg7 17. Rac1 Rad8 18. Rxc5 Rxd2 19. Rxa5 Rxe2 20. Bxb7 Re7 21. Bf3 Rb2 22. h4 Bh3 23. Rd1 h5 24. Ra4 Rc7 25. Be4 Bg4 26. Rf1 Rd7 27. Kg2 a6 28. Bf3 Bf5 29. Rd1 Rc7 30. Rf1 Rcc2 31. Rd4 Rxa2 32. Be4 Bxe4+ 33. Rxe4 Rcb2 34. b4 Ra4 35. Rc1 Raa2 36. Rf4 Ra4 37. Rc7 g5 38. Rfxf7+ Kg6 39. Rg7+ Kf5 40. Rxg5+ Ke4 41. Re7+ Kd4 42. Rxh5 Raa2 43. Rf7 Kc4 44. Rf4+ Kb3 45. Ra5 Rxa5 46. bxa5 Ra2 47. Rf5 Kb4 48. g4 Ra3 49. h5 Kc4 50. h6 Kd4 51. h7 1-0

[Event "Early-Titled-Tuesday-Blitz-February-27-2024"]
[Site "Chess.com"]
[Date "2024.02.27"]
[Round "8"]
[White "Al_Shima"]
[Black "OneTrickPony_82"]
[Result "1/2-1/2"]
[WhiteElo "2423"]
[BlackElo "2540"]
[TimeControl "180+1"]
[EndTime "9:28:13 PST"]
[Termination "Game drawn - insufficient material"]

1. e4 e5 2. Bc4 Nf6 3. d4 exd4 4. Nf3 Nc6 5. O-O Nxe4 6. Re1 d5 7. Bxd5 Qxd5 8. Nc3 Qh5 9. Nxe4 Be6 10. Bg5 Bd6 11.
Nxd6+ cxd6 12. Bf4 Qd5 13. Qd2 O-O 14. a3 Rac8 15.
Rad1 Qf5 16. Nxd4 Nxd4 17. Qxd4 Rxc2 18. Qxd6 Rxb2 19. Be3 b6 20. Qc7 h6 21. Rd8 Rxd8 22. Qxd8+ Kh7 23. Qc7 Bd5 24. h3 Qg6 25. Qh2 Ra2 26.
h4 h5 27. Bd4 f6 28. Qh3 Rxa3 29. Re3 Rxe3 30. Bxe3 Qe4 31. Qg3 a5 32. Kh2 b5 33.
Bb6 a4 34. Bc5 b4 35. Bf8 Qg6 36. Qxg6+ Kxg6 37. Bxb4 Kf5 38. f3 Ke5 39. Kg3 Kd4 40. Bf8 g6 41. Bg7 Kc3 42. Bxf6+ Kc2 43. Kf4 Bc4 44.
g4 a3 45. Kg5 hxg4 46. fxg4 Be2 47. h5 gxh5 48. gxh5 Bd3 49. h6 Kb1 50. Bg7 a2 51. Bf6 a1=Q 52. Bxa1 Kxa1 53. Kf6 Kb2 54. Kg7 Kc3 55. h7 Bxh7 1/2-1/2